 Dungeon Crawl Stone Soup version 0.30-a0-920-g7493c07aab (webtiles) character file.

Game seed: 8155407839203581921

23 theswoord the Cudgeller (level 2, -3/19 HPs)
             Began as a Gargoyle Berserker on Mar 22, 2023.
             Was a Follower of Trog.
             Slain by a kobold
             ... wielding a +4 short sword of venom
              (5 damage)
             ... on level 1 of the Dungeon.
             The game lasted 00:00:36 (300 turns).

theswoord the Cudgeller (Gargoyle Berserker)         Turns: 300, Time: 00:00:36

Health: -3/19      AC: 11    Str: 20    XL:     2   Next: 95%
Magic:  2/2        EV:  7    Int:  7    God:    Trog [*.....]
Gold:   31         SH:  0    Dex:  9    Spells: 1/1 levels left

rFire   . . .      SeeInvis .    a - +0 mace
rCold   . . .      Faith    .    (no shield)
rNeg    + . .      Spirit   .    f - +0 chain mail
rPois   ∞          Reflect  .    (no helmet)
rElec   +          Rampage  .    (no cloak)
rCorr   .                        (no gloves)
Will    .....                    (no boots) Stlth
                                 (no amulet)
HPRegen 0.23/turn                (no ring)
MPRegen 0.08/turn                (no ring)

@: no status effects
A: sickness immunity, AC +2, negative energy resistance 1, electricity
resistance, torment resistance 1, petrification resistance
a: Renounce Religion, Berserk


You were on level 1 of the Dungeon.
You worshipped Trog.
Trog was aware of your devotion.
You visited 1 branch of the dungeon, and saw 1 of its levels.

You collected 31 gold pieces.

Inventory:

Hand Weapons
 a - a +0 mace (weapon)
Armour
 b - a +0 animal skin
 f - a +0 chain mail (worn)
Scrolls
 c - a scroll of blinking {unknown}
 e - a scroll of butterflies {unknown}
Potions
 d - a potion of invisibility {unknown}


   Skills:
 - Level 3.2 Fighting
 + Level 4.0 Maces & Flails
 - Level 2.1 Armour
 - Level 1.5 Dodging


You had one spell level left.
You didn't know any spells.
Your spell library was empty.

Dungeon Overview and Level Annotations

Branches:
Dungeon (1/15)

Altars:


Innate Abilities, Weirdness & Mutations

You are immune to sickness and miasma.
Your stone body is resilient. (AC +2)
You are immune to poison.
You resist negative energy. (rN+)
You are resistant to electric shocks. (rElec)
You are resistant to unholy torment.
You are immune to petrification.


Message History

The hobgoblin hits you but does no damage.
You thump the hobgoblin!
You kill the hobgoblin!
Trog accepts your kill.
A kobold comes into view.
It is wielding a +4 short sword of venom.
Things that are here:
4 stones; a +0 ring mail You sock the hobgoblin!
You kill the hobgoblin!
Trog accepts your kill.
The kobold throws a stone.
The stone hits you.
You see here a +0 whip.
The kobold hits you with a +4 short sword of venom.
You closely miss the kobold. The kobold barely misses you.
You closely miss the kobold. The kobold hits you but does no damage.
You barely miss the kobold.
The kobold hits you with a +4 short sword of venom.
You hit the kobold but do no damage. The kobold barely misses you.
You hit the kobold but do no damage.
A rat comes into view.
The kobold completely misses you. The kobold hits you but does no damage.
You hit the kobold. The kobold completely misses you.
You hit the kobold but do no damage. The kobold closely misses you.
You barely miss the kobold. The kobold hits you but does no damage.
You barely miss the kobold.
The kobold hits you with a +4 short sword of venom.
You barely miss the kobold.
The kobold hits you with a +4 short sword of venom.
* * * LOW HITPOINT WARNING * * *
The kobold barely misses you.
You hit the kobold but do no damage. The kobold barely misses you.
The rat bites you.
* * * LOW HITPOINT WARNING * * *
You closely miss the kobold. The rat bites you.
* * * LOW HITPOINT WARNING * * *
The kobold hits you with a +4 short sword of venom.
* * * LOW HITPOINT WARNING * * *
You closely miss the kobold.
The kobold hits you with a +4 short sword of venom.
You die...

####......#.. .
..#....^.... .#.
#.##...........
...#.#............
..$#$$........... .###
.###.#..........
...####.(#.....rK......
...#..#.#....@.......
##.#.##.##..).?...#..
###..........(#######
##........##...#
...#####...##### #..#
#.#.# ).######.#..#
..........#...
.......>.. ....


You could see a kobold and a rat.

Vanquished Creatures
  3 ball pythons (D:1)
  2 endoplasms (D:1)
  A giant cockroach (D:1)
  3 goblins (D:1)
  4 hobgoblins (D:1)
  A quokka (D:1)
  2 bats (D:1)
  3 frilled lizards (D:1)
  A kobold (D:1)
  A rat (D:1)
21 creatures vanquished.

Notes
Turn   | Place    | Note
-------+----------+-------------------------------------------
     0 | D:1      | theswoord the Gargoyle Berserker began the quest for the
                  | Orb.
     0 | D:1      | Reached XP level 1. HP: 14/14 MP: 1/1
     3 | D:1      | Noticed an electric eel
     4 | D:1      | Noticed an electric eel
   108 | D:1      | Reached XP level 2. HP: 18/19 MP: 2/2
   263 | D:1      | Reached skill level 4 in Maces & Flails
   300 | D:1      | Slain by a kobold

Skill      XL: |  1  2 |
---------------+-------+-----
Maces & Flails | 4 |  4.0
Fighting       | |  3.2
Armour         | |  2.1
Dodging        | |  1.5

Action                     || total
---------------------------++-------
  Melee: Mace              ||    72
 Armour: Animal skin       ||     9
         Chain mail        ||    26
  Dodge: Dodged            ||    41

Levels and vault maps discovered:
D:1:      arrival_aquarium_b, layout_rooms, shapermc_ecumenical_altar_petra,
          minmay_tall_x
